 Dungeon Crawl Stone Soup version 0.21.1-1-g345015f (webtiles) character file.

1164 tidbits the Insei (level 8, -7/60 HPs)
             Began as a Gnoll Transmuter on Mar 14, 2018.
             Mangled by a phantom (9 damage)
             ... on level 7 of the Dungeon.
             The game lasted 00:13:23 (1490 turns).

tidbits the Insei (Gnoll Transmuter)                Turns: 1490, Time: 00:13:24

Health: -7/60      AC:  2    Str: 13    XL:     8   Next: 40%
Magic:  8/17       EV: 25    Int: 18    God:
Gold:   104        SH:  0    Dex: 20    Spells: 9/19 levels left

rFire    . . .     SeeInvis .     - Unarmed
rCold    . . .     Gourm    .   (shield currently unavailable)
rNeg     . . .     Faith    .   (armour currently unavailable)
rPois    x         Spirit   .   (helmet currently unavailable)
rElec    .         Reflect  .   (cloak currently unavailable)
rCorr    .         Harm     .   (gloves currently unavailable)
MR       .....                  (boots currently unavailable)
Stlth    +++.......             (no amulet)
HPRegen  0.20/turn              (no ring)
MPRegen  0.15/turn              (no ring)

@: spider-form (expiring)
A: tiny, distributed training, strong nose
a: End Transformation


You were on level 7 of the Dungeon.
You were not hungry.
You were a venomous arachnid creature.
You visited 1 branch of the dungeon, and saw 7 of its levels.

You collected 104 gold pieces.

Inventory:

Hand Weapons
 a - a +1 dagger of freezing
   (You took it off a goblin on level 1 of the Dungeon)
 b - a +0 hunting sling
 k - a +0 war axe
 o - a +0 shortbow
 p - a +0 war axe
Missiles
 f - 15 arrows
 g - 13 stones (quivered)
 l - a throwing net {!f}
Armour
 e - a +0 robe
 n - a +0 shield
 B - a +1 leather armour of poison resistance (melded)
   (You took it off an orc on level 4 of the Dungeon)
 C - a scarf of repulsion (melded)
   (You found it on level 3 of the Dungeon)
 E - the +2 hat of the Bear Spirit (melded) {Spirit, +Rage rN+ MR++}
   (You found it on level 5 of the Dungeon)

   It protects you from negative energy.
   It affects your resistance to hostile enchantments.
   It lets you go berserk.
Magical Staves
 j - a cursed staff of earth {unknown}
   (You found it on level 7 of the Dungeon)
Wands
 q - a wand of polymorph (16)
Scrolls
 h - 2 scrolls of remove curse
 i - a scroll of enchant weapon
Books
 d - a book of Changes

   Spells                             Type                      Level
   a - Beastly Appendage              Transmutation                1
   b - Sticks to Snakes               Transmutation                2
   c - Spider Form                    Transmutation/Poison         3
   d - Ice Form                       Ice/Transmutation            4
   e - Blade Hands                    Transmutation                5
Comestibles
 c - 10 rations


   Skills:
 + Level 4.1 Fighting
 + Level 3.2 Short Blades
 + Level 3.2 Long Blades
 + Level 3.2 Axes
 + Level 3.2 Maces & Flails
 + Level 3.2 Polearms
 + Level 3.2 Staves
 + Level 3.2 Slings
 + Level 3.2 Bows
 + Level 3.2 Crossbows
 + Level 3.2 Throwing
 + Level 3.2 Armour
 + Level 5.6 Dodging
 + Level 3.2 Stealth
 + Level 3.2 Shields
 + Level 7.3 Unarmed Combat
 + Level 6.0 Spellcasting
 + Level 2.6 Conjurations
 + Level 2.6 Hexes
 + Level 2.6 Charms
 + Level 2.6 Summonings
 + Level 2.6 Necromancy
 + Level 2.6 Translocations
 + Level 4.6 Transmutations
 + Level 2.6 Fire Magic
 + Level 2.6 Ice Magic
 + Level 2.6 Air Magic
 + Level 2.6 Earth Magic
 + Level 2.6 Poison Magic
 + Level 3.5 Invocations
 + Level 3.2 Evocations


You had 9 spell levels left.
You knew the following spells:

 Your Spells              Type           Power        Failure   Level  Hunger
e - Beastly Appendage     Tmut           ###...       8%          1    None
i - Ice Form              Ice/Tmut       ###.....     47%         4    ####...
k - Sticks to Snakes      Tmut           ###.....     10%         2    None
p - Spider Form           Tmut/Pois      ###.......   22%         3    ##.....


Dungeon Overview and Level Annotations

Branches:
Dungeon (7/15)
 Temple: D:4-7

Altars:

Shops:
D:6 =


Innate Abilities, Weirdness & Mutations

Your experience applies equally to all skills.
((You have very sharp teeth.))
Your uncanny sense of smell can sniff out nearby items.


Message History

Things that are here:
a killer bee corpse x2
You feel sick.
You feel sick.
You feel sick.
You feel sick.
You feel sick.
You feel sick.
You feel sick.
You are starving!
You open the door.
You feel sick.
Unknown command.
There is an open door here.
You feel sick.
A hungry ghost comes into view.
You feel sick.
There is an open door here.
Your transformation is almost over.
You feel sick.
You feel sick.
You warm up again.
Your scarf of repulsion unmelds from your body.
The +2 hat of the Bear Spirit {Spirit, +Rage rN+ MR++} unmelds from your body.
Your +1 leather armour of poison resistance unmelds from your body.
You are surrounded by a repulsion field.
You feel spirits watching over you.
You feel resistant to poison.
You feel sick.
You are no longer poisoned.
Your magical contamination has completely faded away.
Found 10 stones.
An orc comes into view. It is wielding a mace.
The orc shouts!
You don't have the energy to cast that spell.
You don't have the energy to cast that spell.
You eat one of the 11 rations.
That ration really hit the spot!
Adjust (i)tems, (s)pells, or (a)bilities?
Okay, then.
Adjust (i)tems, (s)pells, or (a)bilities?
Adjust which item? (? for menu, Esc to quit)
d - 10 rations Adjust to which letter? (? for menu, Esc to quit)
c - 10 rations;
d - a book of Changes
Casting: Ice Form
Confirm with . or Enter, or press ? or * to list all spells.
You turn into a venomous arachnid creature.
Your scarf of repulsion melds into your body.
The +2 hat of the Bear Spirit {Spirit, +Rage rN+ MR++} melds into your body.
Your +1 leather armour of poison resistance melds into your body.
The haze of the repulsion field disappears.
You feel strangely alone.
You no longer feel resistant to poison.
You bite the orc!
You kill the orc!
Things that are here:
a mace; an orc corpse A phantom comes into view.
Casting: Spider Form
Confirm with . or Enter, or press ? or * to list all spells.
You create a snake!
You now have 16 arrows.
The phantom hits your ball python!
Your ball python dies!
Casting: Sticks to Snakes
Confirm with . or Enter, or press ? or * to list all spells.
You create a snake!
You now have 15 arrows.
You closely miss the phantom. The phantom hits you.
* * * LOW HITPOINT WARNING * * *
The phantom blinks!
Your ball python misses the phantom.
The phantom hits your ball python.
Your ball python dies!
A kobold comes into view. It is wielding a short sword.
A crimson imp comes into view.
Your transformation is almost over.
The crimson imp blinks!
The helpless kobold fails to defend itself.
You bite the kobold!
You kill the kobold! 2 kobolds and a big kobold come into view.
The big kobold shouts!
The kobold shouts!
You hear a shout! x2
You see here a short sword.
The kobold shouts!
You hit the kobold but do no damage.
The kobold is poisoned.
A kobold comes into view. It is wielding a dagger.
Unknown command.
You hit the big kobold.
The big kobold is poisoned.
The big kobold is moderately wounded.
The big kobold completely misses you.
You bite the phantom!
The phantom is moderately damaged.
The big kobold closely misses you. The phantom hits you!
* * * LOW HITPOINT WARNING * * *
You barely miss the phantom.
The phantom is moderately damaged.
The big kobold hits you with a short sword!
* * * LOW HITPOINT WARNING * * *
You aren't carrying any potions.
Unknown command.
You hit the phantom.
The phantom is moderately damaged.
You kill the kobold!
The phantom hits you!
You die...

### # ###### #.. .
....## #.# # #
####...## #.# #
#.#.....#.######.###
#.#..##.....W.....##
#.......#.###.....##
∆
###W##.#.###....W...
#s###.## ##.....##
#K# ### ##.#...(
#....5)K.K# #.#####
#.####.##K# #.# ..#
# #+# .## ##.W.## #.
##.....## ∆ #.
##.......## ..
#.........#


You could see a phantom, a big kobold, a crimson imp and a kobold.

Vanquished Creatures
  A sky beast (D:5)
  An ogre (D:7)
  2 centaurs (D:5)
  A bullfrog (D:7)
  7 killer bees (D:7)
  2 wights (D:6)
  A howler monkey (D:4)
  A crimson imp (D:7)
  2 hounds
  A centaur skeleton (D:4)
  An orc priest (D:6)
  2 orc wizards
  An adder (D:2)
  5 gnolls
  A shadow imp (D:6)
  A worm (D:5)
  14 orcs
  A ball python (D:4)
  2 goblins
  2 hobgoblins (D:1)
  A jackal (D:4)
  2 quokkas
  A frilled lizard (D:4)
  3 kobolds
56 creatures vanquished.

Vanquished Creatures (collateral kills)
  A bullfrog (D:6)
1 creature vanquished.

Grand Total: 57 creatures vanquished

Notes
Turn   | Place    | Note
-------+----------+-------------------------------------------
     0 | D:1      | tidbits the Gnoll Transmuter began the quest for the Orb.
     0 | D:1      | Reached XP level 1. HP: 17/17 MP: 6/6
   131 | D:2      | HP: 1/17 [poisoned by an adder]
   143 | D:2      | Reached XP level 2. HP: 23/23 MP: 7/7
   147 | D:2      | Learned a level 2 spell: Sticks to Snakes
   221 | D:4      | Noticed a howler monkey
   233 | D:4      | Killed a howler monkey
   233 | D:4      | Reached skill level 5 in Spellcasting
   233 | D:4      | Reached skill level 1 in Invocations
   233 | D:4      | Reached XP level 3. HP: 28/28 MP: 4/9
   238 | D:4      | Learned a level 3 spell: Spider Form
   250 | D:4      | Reached skill level 1 in Short Blades
   250 | D:4      | Reached skill level 1 in Long Blades
   250 | D:4      | Reached skill level 1 in Axes
   250 | D:4      | Reached skill level 1 in Maces & Flails
   250 | D:4      | Reached skill level 1 in Polearms
   250 | D:4      | Reached skill level 1 in Staves
   250 | D:4      | Reached skill level 1 in Slings
   250 | D:4      | Reached skill level 1 in Bows
   250 | D:4      | Reached skill level 1 in Crossbows
   250 | D:4      | Reached skill level 1 in Throwing
   250 | D:4      | Reached skill level 1 in Armour
   250 | D:4      | Reached skill level 1 in Stealth
   250 | D:4      | Reached skill level 1 in Shields
   250 | D:4      | Reached skill level 1 in Evocations
   257 | D:4      | Reached XP level 4. HP: 31/34 MP: 4/11
   278 | D:4      | Learned a level 4 spell: Ice Form
   291 | D:4      | Noticed an ogre
   299 | D:5      | Entered Level 5 of the Dungeon
   394 | D:5      | Noticed a centaur
   408 | D:5      | Killed a centaur
   408 | D:5      | Reached skill level 1 in Conjurations
   408 | D:5      | Reached skill level 1 in Hexes
   408 | D:5      | Reached skill level 1 in Charms
   408 | D:5      | Reached skill level 1 in Summonings
   408 | D:5      | Reached skill level 1 in Necromancy
   408 | D:5      | Reached skill level 1 in Translocations
   408 | D:5      | Reached skill level 1 in Fire Magic
   408 | D:5      | Reached skill level 1 in Ice Magic
   408 | D:5      | Reached skill level 1 in Air Magic
   408 | D:5      | Reached skill level 1 in Earth Magic
   408 | D:5      | Reached skill level 1 in Poison Magic
   408 | D:5      | Reached XP level 5. HP: 16/40 MP: 2/12
   459 | D:5      | Noticed a centaur
   492 | D:5      | Killed a centaur
   492 | D:5      | Reached skill level 3 in Fighting
   492 | D:5      | Reached skill level 4 in Transmutations
   492 | D:5      | Reached skill level 2 in Invocations
   492 | D:5      | Reached XP level 6. HP: 26/47 MP: 0/13
   610 | D:5      | Reached skill level 2 in Short Blades
   610 | D:5      | Reached skill level 2 in Long Blades
   610 | D:5      | Reached skill level 2 in Axes
   610 | D:5      | Reached skill level 2 in Maces & Flails
   610 | D:5      | Reached skill level 2 in Polearms
   610 | D:5      | Reached skill level 2 in Staves
   610 | D:5      | Reached skill level 2 in Slings
   610 | D:5      | Reached skill level 2 in Bows
   610 | D:5      | Reached skill level 2 in Crossbows
   610 | D:5      | Reached skill level 2 in Throwing
   610 | D:5      | Reached skill level 2 in Armour
   610 | D:5      | Reached skill level 5 in Dodging
   610 | D:5      | Reached skill level 2 in Stealth
   610 | D:5      | Reached skill level 2 in Shields
   610 | D:5      | Reached skill level 2 in Evocations
   700 | D:5      | Noticed a sky beast
   709 | D:5      | Killed a sky beast
   819 | D:6      | Found Zeanoejy's Jewellery Shop.
   823 | D:6      | Reached XP level 7. HP: 36/52 MP: 8/15
   975 | D:5      | Found the +2 hat of the Bear Spirit {Spirit, +Rage rN+ MR++}
  1073 | D:6      | Reached skill level 7 in Unarmed Combat
  1085 | D:6      | Reached skill level 2 in Conjurations
  1085 | D:6      | Reached skill level 2 in Hexes
  1085 | D:6      | Reached skill level 2 in Charms
  1085 | D:6      | Reached skill level 2 in Summonings
  1085 | D:6      | Reached skill level 2 in Necromancy
  1085 | D:6      | Reached skill level 2 in Translocations
  1085 | D:6      | Reached skill level 2 in Fire Magic
  1085 | D:6      | Reached skill level 2 in Ice Magic
  1085 | D:6      | Reached skill level 2 in Air Magic
  1085 | D:6      | Reached skill level 2 in Earth Magic
  1085 | D:6      | Reached skill level 2 in Poison Magic
  1294 | D:7      | Reached skill level 3 in Invocations
  1345 | D:7      | Reached XP level 8. HP: 53/60 MP: 6/16
  1359 | D:7      | Reached skill level 4 in Fighting
  1359 | D:7      | Reached skill level 3 in Short Blades
  1359 | D:7      | Reached skill level 3 in Long Blades
  1359 | D:7      | Reached skill level 3 in Axes
  1359 | D:7      | Reached skill level 3 in Maces & Flails
  1359 | D:7      | Reached skill level 3 in Polearms
  1359 | D:7      | Reached skill level 3 in Staves
  1359 | D:7      | Reached skill level 3 in Slings
  1359 | D:7      | Reached skill level 3 in Bows
  1359 | D:7      | Reached skill level 3 in Crossbows
  1359 | D:7      | Reached skill level 3 in Throwing
  1359 | D:7      | Reached skill level 3 in Armour
  1359 | D:7      | Reached skill level 3 in Stealth
  1359 | D:7      | Reached skill level 3 in Shields
  1359 | D:7      | Reached skill level 3 in Evocations
  1404 | D:7      | Reached skill level 6 in Spellcasting
  1489 | D:7      | HP: 2/60 [big kobold/short sword (10)]
  1490 | D:7      | Mangled by a phantom

Skill      XL: |  1  2  3  4  5  6  7  8 |
---------------+-------------------------+-----
Spellcasting   | 5 6 |  6.0
Invocations    | 1 2 3 |  3.5
Short Blades   | 1 2 3 |  3.2
Long Blades    | 1 2 3 |  3.2
Axes           | 1 2 3 |  3.2
Maces & Flails | 1 2 3 |  3.2
Polearms       | 1 2 3 |  3.2
Staves         | 1 2 3 |  3.2
Slings         | 1 2 3 |  3.2
Bows           | 1 2 3 |  3.2
Crossbows      | 1 2 3 |  3.2
Throwing       | 1 2 3 |  3.2
Armour         | 1 2 3 |  3.2
Stealth        | 1 2 3 |  3.2
Shields        | 1 2 3 |  3.2
Evocations     | 1 2 3 |  3.2
Conjurations   | 1 2 |  2.6
Hexes          | 1 2 |  2.6
Charms         | 1 2 |  2.6
Summonings     | 1 2 |  2.6
Necromancy     | 1 2 |  2.6
Translocations | 1 2 |  2.6
Fire Magic     | 1 2 |  2.6
Ice Magic      | 1 2 |  2.6
Air Magic      | 1 2 |  2.6
Earth Magic    | 1 2 |  2.6
Poison Magic   | 1 2 |  2.6
Fighting       | 3 4 |  4.1
Transmutations | 4 |  4.6
Dodging        | 5 |  5.6
Unarmed Combat | 7 |  7.3

Action                   |  1- 3 |  4- 6 |  7- 9 || total
-------------------------+-------+-------+-------++-------
Melee: Unarmed           |    35 |    61 |    88 ||   184
       Kick              |     5 |       |       ||     5
       Headbutt          |     1 |     3 |       ||     4
       Bite              |       |     2 |       ||     2
 Cast: Beastly Appendage |     6 |     3 |       ||     9
       Sticks to Snakes  |     2 |     2 |     5 ||     9
       Spider Form       |       |     9 |     7 ||    16
       Ice Form          |       |       |     3 ||     3
  Use: Scroll            |     2 |     1 |     1 ||     4
       Potion            |     2 |       |     4 ||     6
 Stab: Sleeping          |       |     3 |     3 ||     6
  Eat: Chunk             |       |       |     2 ||     2
       Ration            |       |       |     1 ||     1
Armor: Skin              |     8 |       |    10 ||    18
       Robe              |     4 |       |       ||     4
       Leather armour    |       |     2 |     1 ||     3
Dodge: Dodged            |    20 |    48 |    55 ||   123
       Deflected         |     1 |       |       ||     1

Table legend:
 A = Turns spent in this place as a percentage of turns spent in the entire game.
 B = Non-inter-level travel turns spent in this place as a percentage of non-inter-level travel turns spent in the entire game.
 C = Inter-level travel turns spent in this place as a percentage of turns spent in this place.
 D = Turns resting spent in this place as a percentage of non-inter-level travel turns spent in this place.
 E = Turns spent auto-exploring this place as a percentage of non-inter-level travel turns spent in this place.
 F = Non-inter-level travel turns spent in this place divided by the number of levels of this place that you've seen.
                   A       B       C       D       E      F
               +-------+-------+-------+-------+-------+----------------------
         Total | 100.0 | 100.0 |   4.4 |   0.0 |   0.0 | 203.4
       Dungeon | 100.0 | 100.0 |   4.4 |   0.0 |   0.0 | 203.4
               +-------+-------+-------+-------+-------+----------------------

Table legend:
 A = Kills in this place as a percentage of kills in entire the game.
 B = Kills by you in this place as a percentage of kills by you in the entire game.
 C = Kills by friends in this place as a percentage of kills by friends in the entire game.
 D = Other kills in this place as a percentage of other kills in the entire game.
 E = Experience gained in this place as a percentage of experience gained in the entire game.
 F = Experience gained in this place divided by the number of levels of this place that you have seen.
                   A       B       C       D       E      F
               +-------+-------+-------+-------+-------+----------------------
         Total | 100.0 | 100.0 | 100.0 |   N/A | 100.0 | 237.6
       Dungeon | 100.0 | 100.0 | 100.0 |   N/A | 100.0 | 237.6
               +-------+-------+-------+-------+-------+----------------------

Vault maps used:
D:1:      nagdon_arrival_zigzag_paths
D:2:      kb_forest_paths, grunt_temple_overflow_order_and_chaos_1,
          okawaru_trees_1, grunt_ministairs_1
D:3:      grunt_temple_overflow_lords_of_destruction, first_ration
D:5:      lemuel_doored_altar
D:6:      lemuel_temple_firewalk_b, serial_shops, nicolae_shop_crystal
D:7:      nicolae_qazlal_eye_of_the_storm, serial_shops, shop, grunt_ogre_cave
